 Dungeon Crawl Stone Soup version 0.29.1-15-g9cfb28693d (webtiles) character file.

Game seed: 7785683233578777588

35 firemarshallily the Chopper (level 3, -2/28 HPs)
             Began as a Demonspawn Gladiator on Mar 19, 2023.
             Slain by a gnoll
             ... wielding a +0 spear
              (3 damage)
             ... on level 1 of the Dungeon.
             The game lasted 00:02:05 (865 turns).

firemarshallily the Chopper (Demonspawn Gladiator)   Turns: 865, Time: 00:02:05

Health: -2/28      AC:  4    Str: 16    XL:     3   Next: 17%
Magic:  3/3        EV: 12    Int:  9    God:
Gold:   75         SH:  4    Dex: 14    Spells: 2/2 levels left

rFire   . . .      SeeInvis .   a - +0 war axe
rCold   . . .      Faith    .   (no shield)
rNeg    . . .      Spirit   .   b - +0 leather armour
rPois   .          Reflect  .   c - +0 helmet
rElec   .          Harm     .   (no cloak)
rCorr   .          Rampage  .   (no gloves)
Will    .....                   (no boots)
Stlth   +.........              (no amulet)
HPRegen 0.09/turn               (no ring)
MPRegen 0.08/turn               (no ring)

@: mighty, lethally poisoned (-2 -> -5)
A: large bone plates 1
a: no special abilities


You were on level 1 of the Dungeon.
You visited 1 branch of the dungeon, and saw 2 of its levels.

You collected 75 gold pieces.

Inventory:

Hand Weapons
 a - a +0 war axe (weapon)
Missiles
 d - 3 throwing nets (quivered)
 e - a javelin
 i - 2 poisoned darts
Armour
 b - a +0 leather armour (worn)
 c - a +0 helmet (worn)
Scrolls
 f - 3 scrolls of magic mapping {unknown}
 h - a scroll of enchant weapon {unknown}
 k - 2 scrolls of identify {unknown}
Potions
 j - a potion of ambrosia {unknown}


   Skills:
 * Level 2.7 Fighting
 * Level 3.2 Axes
 - Level 1.7 Throwing
 + Level 1.0 Armour
 - Level 2.6 Dodging


You had 2 spell levels left.
You didn't know any spells.
Your spell library contained the following spells:

 Spells                   Type           Power      Damage    Failure   Level
 Dazzling Flash           Conj/Hex       0%         N/A       83%         3
 Agony                    Necr           0%         N/A       100%        5
 Silence                  Hex/Air        0%         N/A       100%        5


Dungeon Overview and Level Annotations

Branches:
Dungeon (2/15)

Altars:


Innate Abilities, Weirdness & Mutations

You are partially covered in large bone plates. (SH +4)


Message History

Done exploring.
Done exploring.
You see here a +0 club.
There is a fountain of clear blue water here.
There is a staircase leading out of the dungeon here.
There is a fountain of clear blue water here.
There is a stone staircase leading down here.
You climb downwards.
The gnoll shouts!
The adder hisses angrily.
The gnoll shouts!
You hear a bark!
You hear a shout!
You hear an angry hiss.
You hear a bark!
The gnoll shouts!
Found 2 bubbling black potions.
There is a stone staircase leading up here.
You hit the gnoll.
The gnoll is moderately wounded.
You hit the adder but do no damage. The adder bites you.
The gnoll hits you but does no damage. You block the adder's attack.
The gnoll hits you with a +0 spear. The adder closely misses you.
You climb upwards.
There is a stone staircase leading down here.
You barely miss the adder. You hit the gnoll. The adder closely misses you.
The gnoll hits you with a +0 spear.
You barely miss the gnoll.
The gnoll is heavily wounded.
You hit the adder. The adder bites you.
You are poisoned.
The adder poisons you! The gnoll completely misses you.
The adder barely misses you. The gnoll hits you with a +0 spear.
You hit the gnoll.
The gnoll is severely wounded.
You closely miss the adder.
You feel very sick. You block the adder's attack.
The gnoll hits you with a +0 spear!
* * * LOW HITPOINT WARNING * * *
The adder closely misses you.
It was a potion of might.
You feel very mighty all of a sudden.
* * * LOW HITPOINT WARNING * * *
You feel sick. The adder barely misses you. The gnoll hits you with a +0 spear.
You die...

.###.### #.##..♣♣♣♣♣.♣♣♣♣♣.....
.#.....#
##.##.....⌠.<.⌠.....###
.#.....####...#..♣♣♣♣♣.♣♣♣♣♣..#
..............#..# ♣⌠♣ #..#
##.....####...#..##♣♣♣.♣♣♣##..#
#.....# #...................#
###.### #.##......###...#####
####.### ##.##..Sg..# ###.#
.......###......@...# #.#
.....#.##..∩##......# #.#
........._..##......#####.#
.#####.##..⌠####..........# .#
#.####.# ############ .# #.#
#.# ## #.####.# #......#
########


You could see a gnoll and an adder.

Vanquished Creatures
  A dart slug (D:1)
  3 ball pythons (D:1)
  6 bats (D:1)
  An endoplasm (D:1)
  3 giant cockroaches (D:1)
  3 goblins (D:1)
  4 hobgoblins (D:1)
  2 jackals (D:1)
  2 quokkas (D:1)
  2 frilled lizards (D:1)
  2 kobolds (D:1)
29 creatures vanquished.

Notes
Turn   | Place    | Note
-------+----------+-------------------------------------------
     0 | D:1      | firemarshallily the Demonspawn Gladiator began the quest
                  | for the Orb.
     0 | D:1      | Reached XP level 1. HP: 16/16 MP: 1/1
    39 | D:1      | Gained mutation: You are partially covered in large bone
                  | plates. (SH +4) [demonic ancestry]
    39 | D:1      | Reached XP level 2. HP: 22/22 MP: 2/2
    65 | D:1      | Reached skill level 3 in Axes
   590 | D:1      | Reached XP level 3. HP: 28/28 MP: 3/3
   631 | D:1      | Found a faded altar of an unknown god.
   681 | D:1      | Reached skill level 1 in Armour
   865 | D:1      | HP: 1/28 [poisoned by an adder]
   865 | D:1      | Slain by a gnoll

Illustrated notes

Levels and vault maps discovered:
D:1:      scummos_arrival_forest, layout_loops_ring,
          ebering_ecumenical_altar_abandoned
D:2:      layout_loops_corners, serial_park_tiny_2, st_stairs_2, uniq_terence,
          uniq_sigmund, uniq_robin

Skill      XL: |  1  2  3 |
---------------+----------+-----
Axes           | 3 |  3.2
Armour         | 1 |  1.0
Fighting       | |  2.7
Throwing       | |  1.7
Dodging        | |  2.6

Action                   || total
-------------------------++-------
Melee: War axe           ||    88
       Punch             ||     1
  Use: Potion            ||     1
Armor: Leather armour    ||    31
Dodge: Dodged            ||    81
Block: Other             ||    17
